 Dungeon Crawl Stone Soup version 0.31-a0-232-gb1c03b2570 (webtiles) character file.

Game seed: 7335531195960390449

95697 IdlyInterested the Fencer (level 15, -3/195 HPs)
             Began as a Demonspawn Gladiator on June 26, 2023.
             Was an Elder of Trog.
             Killed by divine providence
             ... invoked by Saint Roka
              (10 damage)
             ... on level 2 of the Orcish Mines on July 7, 2023.
             The game lasted 01:37:26 (24694 turns).

IdlyInterested the Fencer (Demonspawn Gladiator)   Turns: 24694, Time: 01:37:26

Health: -3/195     AC: 25    Str: 19    XL:     15   Next: 67%
Magic:  15/15      EV: 21    Int: 10    God:    Trog [****..]
Gold:   1999       SH: 13    Dex: 26    Spells: 14/14 levels left

rFire   . . .        s - +1 scimitar (flame)
rCold   + . .        U - +0 buckler
rNeg    . . .        J - +9 ring mail of the Armadillo {+Blink rF- Slay+3}
rPois   +            n - +2 helmet {SInv}
rElec   +            o - scarf "Gigg" {shadows, rElec rF+ rC+ Str+3}
rCorr   .            F - +2 pair of gloves
SInv    +            (no boots)
Will    ++++.        P - amulet of reflection Stlth
                     m - ring of willpower
HPRegen 1.52/turn    t - +6 ring of dexterity
MPRegen 0.14/turn

%: reflection
@: berserking, strong-willed, regenerating, studying Axes, very quick
A: hooves 2, slimy green scales 3, ignite blood 1, powered by death 2
a: Renounce Religion, Evoke Blink, Berserk, Trog's Hand, Brothers in Arms


You were on level 2 of the Orcish Mines.
You worshipped Trog.
Trog was greatly pleased with you.
You visited 4 branches of the dungeon, and saw 23 of its levels.
You visited the Abyss 1 time.
You also visited: Ossuary.

You collected 1999 gold pieces.

Inventory:

Hand Weapons
 b - the +9 dagger of Foul Odours {flame, rC++ Str-2 Int+4 SInv}
   (You found it on level 11 of the Dungeon)

   Str:       It affects your strength (-2).
   Int:       It affects your intelligence (+4).
   rC:        It greatly protects you from cold.
   SInv:      It lets you see invisible.
 s - a +1 scimitar of flaming (weapon)
 Q - a +2 great sword of flaming
Missiles
 d - 8 throwing nets
 e - 4 javelins
 j - 8 datura-tipped darts
 l - 59 poisoned darts (quivered)
 w - 5 boomerangs
 z - 3 boomerangs of dispersal
 N - 2 silver boomerangs
 W - 4 curare-tipped darts
Armour
 n - a +2 helmet of see invisible (worn)
 o - the scarf "Gigg" (worn) {shadows, rElec rF+ rC+ Str+3}
   (You acquired it on level 6 of the Dungeon)

   Str:       It affects your strength (+3).
   rF:        It protects you from fire.
   rC:        It protects you from cold.
   rElec:     It insulates you from electricity.
 F - a +2 pair of gloves (worn)
 H - a +0 robe of resistance
 J - the +9 ring mail of the Armadillo (worn) {+Blink rF- Slay+3}
   (You found it on level 7 of the Dungeon)

   Slay:      It affects your accuracy & damage with ranged weapons and melee
   (+3).
   rF:        It makes you vulnerable to fire.
   +Blink:    It lets you blink.
 U - a +0 buckler (worn)
Jewellery
 m - a ring of willpower (left hand)
 t - a +6 ring of dexterity (right hand)
 D - a ring of protection from fire
 P - an amulet of reflection (around neck)
 Z - a ring of positive energy
Wands
 h - a wand of roots (15)
 i - a wand of paralysis (6)
 x - a wand of flame (29)
 B - a wand of mindburst (11)
 E - a wand of polymorph (2)
Scrolls
 a - 3 scrolls of enchant armour
 c - a scroll of torment
 g - 11 scrolls of teleportation
 k - 5 scrolls of fear
 q - a scroll of poison
 u - 3 scrolls of blinking
 v - a scroll of fog
 y - a scroll of revelation
 A - 3 scrolls of enchant weapon
 O - 4 scrolls of vulnerability
 S - 3 scrolls of identify
 T - a scroll of summoning
Potions
 f - 2 potions of enlightenment
 p - 2 potions of magic
 C - a potion of haste
 I - 3 potions of resistance
 L - 3 potions of mutation
 M - 4 potions of curing
 R - 4 potions of might
 X - 2 potions of invisibility
 Y - a potion of cancellation
Miscellaneous
 r - a sack of spiders
 G - a phantom mirror
 K - a tin of tremorstones (2/2)


   Skills:
 + Level 15.7 Fighting
 + Level 16.5 Long Blades
 - Level 8.0 Throwing
 - Level 4.0 Armour
 * Level 12.3 Dodging
 - Level 2.0 Stealth
 - Level 8.0 Shields
 - Level 2.0 Evocations


You had 14 spell levels left.
You didn't know any spells.
Your spell library contained the following spells:

 Spells                   Type           Power      Damage    Failure   Level
 Freeze                   Ice            0%         1d3       58%         1
 Sting                    Tmut/Pois      0%         1d3       58%         1
 Summon Small Mammal      Summ           0%         N/A       58%         1
 Blink                    Tloc           0%         N/A       75%         2
 Cigotuvi's Dreadful Rot  Necr/Pois/Air  0%         N/A       75%         2
 Lesser Beckoning         Tloc           0%         N/A       75%         2
 Momentum Strike          Conj/Tloc      0%         3d8       75%         2
 Passwall                 Tmut/Erth      0%         N/A       75%         2
 Poisonous Vapours        Pois/Air       0%         N/A       75%         2
 Call Canine Familiar     Summ           0%         N/A       92%         3
 Gell's Gravitas          Tloc           0%         N/A       92%         3
 Summon Guardian Golem    Hex/Summ       0%         N/A       92%         3
 Teleport Other           Tloc           0%         N/A       92%         3
 Vhi's Electric Charge    Tloc/Air       0%         N/A       92%         3
 Olgreb's Toxic Radiance  Pois           0%         N/A       100%        4
 Passage of Golubria      Tloc           0%         N/A       100%        4
 Summon Ice Beast         Ice/Summ       0%         N/A       100%        4
 Arcjolt                  Conj/Air       0%         1d10      100%        5
 Silence                  Hex/Air        0%         N/A       100%        5
 Summon Forest            Summ/Tloc      0%         N/A       100%        5
 Summon Mana Viper        Hex/Summ       0%         N/A       100%        5
 Plasma Beam              Fire/Air       0%         2x1d10    100%        6
 Summon Cactus Giant      Summ           0%         N/A       100%        6
 Discord                  Hex            0%         N/A       100%        8
 Ignition                 Fire           0%         3d3       100%        8
 Lehudib's Crystal Spear  Conj/Erth      0%         10d2      100%        8
 Necromutation            Tmut/Necr      0%         N/A       100%        8


Dungeon Overview and Level Annotations

Branches:
Dungeon (15/15) Temple (1/1) D:4 Lair (5/5) D:9 Shoals (0/4) Lair:3 Spider (0/4) Lair:2 Slime (0/5) Lair:5 Orc (2/2) D:10 Elf (0/3) Orc:2 Vaults (0/5) D:13 D:14 Depths (0/4) D:15 Ossuary (visited)

Altars:
Ashenzari
Cheibriados
Dithmenos
Fedhas
Gozag
Hepliaklqana
Kikubaaqudgha
Makhleb
Nemelex Xobeh
Okawaru
Qazlal
Ru
Sif Muna
Trog
Uskayaw
Vehumet
Wu Jian
Xom
Yredelemnul
Jiyva

Shops:
D:11 [(=   D:15 !   Orc:1 !   Orc:2 [*

Annotations:
Orc:2 Saint Roka


Innate Abilities, Weirdness & Mutations

You have hoof-like feet.
You are completely covered in slimy green scales. (AC +4, rPois)
Your demonic aura sometimes causes spilled blood to erupt in flames.
You regenerate health from kills.


Message History

The troll is engulfed in blazing flames.
You block the troll's attack. The troll claws you.
* * * LOW HITPOINT WARNING * * *
The troll claws you but does no damage.
Saint Roka is engulfed in blazing flames.
Saint Roka hits you with a +2 heavy great sword!
* * * LOW HITPOINT WARNING * * *
You block the orc's attack. The orc warrior completely misses you.
You hit Saint Roka. You kick Saint Roka.
Saint Roka is severely wounded.
You block the warg's attack.
A red film seems to cover your vision as you go berserk!
You feel yourself moving faster!
You feel mighty! The orc priest misses you.
The orc hits you but does no damage. You block the orc warrior's attack.
The troll is engulfed in blazing flames.
The troll closely misses you. x2; The troll claws you but does no damage.
The warg completely misses you.
Saint Roka hits you with a +2 heavy great sword.
* * * LOW HITPOINT WARNING * * *
Unknown command.
You slash Saint Roka! You burn Saint Roka.
Saint Roka is almost dead.
The orc warrior no longer looks unusually strong.
You block the orc warrior's attack. The orc priest completely misses you.
You block the orc's attack.
The troll is engulfed in blazing flames.
The troll barely misses you. The troll closely misses you.
You block the troll's attack. The warg misses you.
You barely miss Saint Roka. You kick Saint Roka!
Saint Roka is almost dead.
Unknown command.
You barely miss Saint Roka. You kick Saint Roka!
Saint Roka is almost dead.
The warg completely misses you. You block the orc's attack.
You block the orc warrior's attack. The troll misses you.
The troll barely misses you. The troll misses you.
The orc priest completely misses you.
Saint Roka calls down the wrath of Beogh upon you.
Beogh smites you!
You die...

...8.... #.. ........ #..
........ #.. #......# ##.
#.....## ##^ #...))### .. ###..
#######..))..####...o.####....
##...####.).).oh.##8.8##.......
##.....####....@oh.#...#....)...
##.......####..ooT.)))..........#
#..........###.................##
#....8..)).).###.....8.8.....###.
#......)...)...###.........###...
##.......##))..).##.......##.....
##.....####)...)................
##...## ###.......8.8...)...##
##### #####.........#####


You could see Saint Roka, a troll, 2 wargs, an orc warrior, an orc priest
(strong) and an orc (strong).

Vanquished Creatures
  Rupert (D:13)
  A juggernaut skeleton (D:15)
  Azrael (D:13)
  Fannar (D:10)
  5 hydras
  Erolcha (D:12)
  5 centaur warriors
  4 catoblepae (Lair:5)
  An ogre mage (D:15)
  2 boulder beetles
  The ghost of superbruh the Fighter, a novice MiFi of Nemelex Xobeh (D:8)
  10 two-headed ogres
  11 death yaks (Lair:5)
  A death knight (D:14)
  5 orc high priests (Orc:2)
  2 skysharks
  6 skeletal warriors
  The ghost of Dylgear the Chopper, a novice FoFi of Wu Jian (D:6)
  A lindwurm (Lair:5)
  A phantasmal warrior (D:15)
  A necromancer (D:15)
  4 orc knights
  2 orc sorcerers (Orc:2)
  A stone giant zombie (D:15)
  4 ugly things
  A salamander (shapeshifter) (D:12)
  A wolf spider (D:15)
  5 manticores
  2 cyclopes
  A fire giant skeleton (D:15)
  2 black mambas (Lair:3)
  The ghost of hgbash the Digger, a novice GrEE of Vehumet (D:6)
  A frost giant skeleton (D:15)
  11 elephants
  3 gargoyles
  10 cane toads
  Maggie (D:6)
  Psyche (D:11)
  6 komodo dragons
  A cane toad (shapeshifter) (D:14)
  A kobold demonologist (D:10)
  An unseen horror (D:8)
  4 rime drakes
  2 tengu conjurers (D:15)
  A guardian mummy (D:15)
  3 meliai (D:13)
  7 trolls
  A wind drake (Lair:3)
  Prince Ribbit (Lair:3)
  2 polar bears
  6 blink frogs
  6 dream sheep (Lair:5)
  14 slime creatures
  A water elemental (D:15)
  Sigmund (D:2)
  A culicivora (shapeshifter) (D:15)
  2 culicivoras (Lair:2)
  A vampire (D:10)
  59 yaks
  2 wyverns
  3 basilisks
  2 wraiths
  16 humans (D:13)
  A yak (shapeshifter) (D:15)
  A steam dragon (D:7)
  7 fire elementals (D:13)
  5 vampire mosquitoes
  3 wargs
  An acid dragon (D:11)
  15 water moccasins
  A hell hound (D:13)
  Duvessa (D:6)
  3 black bears
  40 orc warriors
  3 sky beasts
  2 ice beasts
  14 ogres
  12 wolves
  11 centaurs
  2 phantoms
  16 bullfrogs
  8 kobold brigands
  A gnoll sergeant (D:7)
  3 scorpions
  6 wights (D:7)
  Dowan (D:6)
  3 jellies
  12 killer bees
  3 electric eels
  6 crimson imps (D:9)
  3 centaur zombies (Ossuary)
  2 hounds
  33 orc priests
  Ijyb (D:3)
  8 iguanas
  29 orc wizards
  6 mummies
  9 adders
  8 gnolls
  A shadow imp (D:6)
  5 white imps
  An ufetubus (D:5)
  An adder zombie (D:3)
  A worm (D:3)
  A dart slug (D:5)
  107 orcs
  6 ball pythons
  10 endoplasms
  2 giant cockroaches
  9 goblins
  12 hobgoblins
  6 quokkas
  A ball python zombie (D:3)
  8 bats
  3 frilled lizards
  A goblin zombie (Ossuary)
  2 hobgoblin zombies (Ossuary)
  32 kobolds
  2 orc zombies (Ossuary)
  7 rats
  2 butterflies (Lair:4)
757 creatures vanquished.

Vanquished Creatures (collateral kills)
  An entropy weaver (shapeshifter) (D:13)
  A vampire mosquito (D:13)
2 creatures vanquished.

Grand Total: 759 creatures vanquished

Notes
Turn   | Place    | Note
-------+----------+-------------------------------------------
     0 | D:1      | IdlyInterested the Demonspawn Gladiator began the quest for
                  | the Orb.
     0 | D:1      | Reached XP level 1. HP: 16/16 MP: 1/1
   153 | D:1      | You fall into a shaft and drop 1 floor!
   236 | D:2      | Gained mutation: You regenerate a little health from kills.
                  | [demonic ancestry]
   236 | D:2      | Reached XP level 2. HP: 22/22 MP: 2/2
   306 | D:2      | Noticed Sigmund
   424 | D:1      | Found a faded altar of an unknown god.
   427 | D:1      | Reached skill level 3 in Long Blades
   534 | D:1      | Reached XP level 3. HP: 28/28 MP: 3/3
   571 | D:1      | Reached skill level 1 in Armour
  1195 | D:2      | Killed Sigmund
  1196 | D:2      | Reached skill level 4 in Long Blades
  1196 | D:2      | Reached skill level 1 in Stealth
  1196 | D:2      | Gained mutation: You are partially covered in slimy green
                  | scales. (AC +2) [demonic ancestry]
  1196 | D:2      | Reached XP level 4. HP: 26/37 MP: 4/4
  1196 | D:2      | Gained mutation: You have large cloven feet. [demonic
                  | ancestry]
  1196 | D:2      | Reached XP level 5. HP: 29/42 MP: 5/5
  1948 | D:3      | Reached skill level 1 in Shields
  2015 | D:3      | Found a snail-covered altar of Cheibriados.
  2039 | D:3      | Noticed a phantom
  2050 | D:3      | Killed a phantom
  2051 | D:3      | Reached skill level 1 in Evocations
  2051 | D:3      | Reached XP level 6. HP: 46/48 MP: 6/6
  2080 | D:3      | Noticed Ijyb
  2100 | D:3      | Killed Ijyb
  2199 | D:3      | Found a sacrificial altar of Ru.
  2233 | D:3      | Noticed a +0 dagger
  2233 | D:3      | Noticed a +0 dagger
  2317 | D:3      | Found a basalt altar of Yredelemnul.
  2513 | D:3      | Found a hide-covered altar of Uskayaw.
  3018 | D:4      | Noticed a wyvern
  3019 | D:4      | Gained mutation: You are mostly covered in slimy green
                  | scales. (AC +3) [demonic ancestry]
  3019 | D:4      | Reached XP level 7. HP: 55/55 MP: 7/7
  3034 | D:4      | Killed a wyvern
  3035 | D:4      | Reached skill level 5 in Fighting
  3035 | D:4      | Reached skill level 5 in Long Blades
  3119 | D:4      | Found an iron altar of Okawaru.
  3368 | D:4      | Found a staircase to the Ecumenical Temple.
  3406 | Temple   | Entered the Ecumenical Temple
  3748 | D:4      | Found a sparkling altar of Nemelex Xobeh.
  4232 | D:5      | Entered Level 5 of the Dungeon
  4236 | D:5      | Identified a scroll of acquirement
  4260 | D:5      | Gained mutation: You are completely covered in slimy green
                  | scales. (AC +4, rPois) [demonic ancestry]
  4260 | D:5      | Reached XP level 8. HP: 15/64 MP: 8/8
  4500 | D:5      | Found a sand-covered staircase.
  4508 | D:5      | Reached skill level 6 in Long Blades
  4511 | Ossuary  | Entered an ossuary
  5190 | D:5      | Noticed a two-headed ogre
  5206 | D:5      | Killed a two-headed ogre
  5207 | D:5      | Reached skill level 7 in Long Blades
  5207 | D:5      | Reached XP level 9. HP: 31/74 MP: 9/9
  5688 | D:6      | Identified the ring of Qillumut {rPois Stlth+}
  5710 | D:6      | Noticed Dowan
  5710 | D:6      | Noticed Duvessa
  5723 | D:6      | Noticed Maggie
  6352 | D:6      | Killed Duvessa
  6364 | D:6      | Killed Maggie
  6365 | D:6      | Reached skill level 8 in Long Blades
  6365 | D:6      | Reached skill level 5 in Dodging
  6367 | D:6      | Killed Dowan
  6531 | D:6      | Found a runed translucent gate.
  6531 | D:6      | Found a runed translucent gate.
  6532 | D:6      | Found a runed translucent gate.
  6533 | D:6      | Noticed hgbash's ghost (novice GrEE)
  6533 | D:6      | Noticed Dylgear's ghost (novice FoFi)
  6795 | D:6      | Acquired a manual of Long Blades
  6797 | D:6      | Acquired the scarf "Gigg" {shadows, rElec rF+ rC+ Str+3}
  6828 | D:6      | Killed hgbash's ghost
  6843 | D:6      | Killed Dylgear's ghost
  6844 | D:6      | Gained mutation: You regenerate health from kills. [demonic
                  | ancestry]
  6844 | D:6      | Reached XP level 10. HP: 44/83 MP: 10/10
  7163 | D:7      | Reached skill level 9 in Long Blades
  7391 | D:7      | Identified the +9 ring mail of the Armadillo {+Blink rF-
                  | Slay+3}
  7567 | D:7      | Got the Writings on Befouled Hail
  8398 | D:8      | Identified the +0 chain mail of Kipn {rElec rF+ Dex+3 SInv}
  8664 | D:8      | Found a shadowy altar of Dithmenos.
  8832 | D:8      | Found a runed translucent door.
  8839 | D:8      | Noticed superbruh's ghost (novice MiFi)
  8855 | D:8      | Reached skill level 10 in Long Blades
  9099 | D:8      | Killed superbruh's ghost
  9100 | D:8      | Reached skill level 10 in Fighting
  9537 | D:9      | Reached XP level 11. HP: 91/91 MP: 11/11
  9570 | D:9      | Found a staircase to the Lair.
  9980 | D:10     | Entered Level 10 of the Dungeon
 10005 | D:10     | Reached skill level 11 in Long Blades
 10219 | D:10     | Reached skill level 5 in Throwing
 10221 | D:10     | Noticed a two-headed ogre
 10229 | D:10     | Killed a two-headed ogre
 10357 | D:10     | Noticed a two-headed ogre
 10371 | D:10     | Killed a two-headed ogre
 10434 | D:10     | Found a staircase to the Orcish Mines.
 10596 | D:10     | Noticed Fannar
 10607 | D:10     | Killed Fannar
 10811 | D:10     | Reached skill level 12 in Long Blades
 11181 | D:11     | Found a transporter.
 11462 | D:11     | Found Iffimesm's Antique Weapon Shoppe.
 11581 | D:11     | Found a transporter.
 11583 | D:11     | Found Buqaib's Jewellery Shoppe.
 11752 | D:11     | Gained mutation: You have hoof-like feet. [demonic
                  | ancestry]
 11752 | D:11     | Reached XP level 12. HP: 89/101 MP: 12/12
 11839 | D:11     | Found Neqinade's Armour Emporium.
 11850 | D:11     | Identified the +9 dagger of Foul Odours {flame, rC++ Str-2
                  | Int+4 SInv}
 11856 | D:11     | Noticed Psyche
 11864 | D:11     | Killed Psyche
 11865 | D:11     | Reached skill level 13 in Long Blades
 12881 | D:12     | Noticed Erolcha
 12882 | Abyss:2  | Cast into level 2 of the Abyss (Erolcha)
 12892 | D:12     | Escaped the Abyss
 12901 | D:12     | Killed Erolcha
 12944 | D:12     | Noticed a boulder beetle
 12956 | D:12     | Killed a boulder beetle
 13896 | D:13     | Reached skill level 14 in Long Blades
 14077 | D:13     | Noticed an entropy weaver
 14088 | D:13     | Killed an entropy weaver
 14124 | D:13     | Noticed a two-headed ogre
 14130 | D:13     | Killed a two-headed ogre
 14138 | D:13     | Noticed Azrael
 14188 | D:13     | Killed Azrael
 14798 | D:13     | Reached skill level 10 in Dodging
 14901 | D:14     | Noticed Rupert
 14901 | D:14     | Noticed a centaur warrior
 14901 | D:14     | Found a gate to the Vaults.
 14902 | D:14     | Noticed a boulder beetle
 14904 | D:13     | Upgraded the game from 0.31-a0-202-g547052bce9 to
                  | 0.31-a0-222-gefeffbb62a
 14916 | D:13     | Reached XP level 13. HP: 109/109 MP: 13/13
 15083 | D:13     | Killed Rupert
 15299 | D:14     | Found a bloodstained altar of Trog.
 16411 | D:14     | Found a shimmering blue altar of Sif Muna.
 16518 | D:15     | Entered Level 15 of the Dungeon
 16835 | D:15     | Found a stormy altar of Qazlal.
 16953 | D:15     | Found Hacul's Distillery.
 17066 | D:15     | Reached skill level 15 in Long Blades
 17235 | D:15     | Found a staircase to the Depths.
 17301 | D:15     | Reached XP level 14. HP: 112/120 MP: 14/14
 17963 | Lair:1   | Entered Level 1 of the Lair of Beasts
 19204 | Lair:2   | Found a hole to the Spider Nest.
 19765 | Lair:2   | Got the Precepts of Toxicity and Transfiguration
 19981 | Lair:3   | Found a staircase to the Shoals.
 20161 | Lair:3   | Noticed Prince Ribbit
 20169 | Lair:3   | Killed Prince Ribbit
 21680 | Lair:5   | Entered Level 5 of the Lair of Beasts
 21848 | Lair:5   | Reached skill level 5 in Shields
 21872 | Lair:5   | Found a staircase to the Slime Pits.
 21873 | Lair:5   | Found a viscous altar of Jiyva.
 21935 | Lair:5   | Reached skill level 15 in Fighting
 21981 | Lair:5   | Gained mutation: Your demonic aura sometimes causes spilled
                  | blood to erupt in flames. [demonic ancestry]
 21981 | Lair:5   | Reached XP level 15. HP: 20/129 MP: 15/15
 21984 | Lair:5   | Reached skill level 16 in Long Blades
 22947 | Lair:5   | Upgraded the game from 0.31-a0-222-gefeffbb62a to
                  | 0.31-a0-232-gb1c03b2570
 23123 | D:14     | Became a worshipper of Trog the Wrathful
 23180 | Orc:1    | Entered Level 1 of the Orcish Mines
 23399 | Orc:2    | Entered Level 2 of the Orcish Mines
 23405 | Orc:2    | Reached * piety under Trog
 23671 | Orc:2    | Reached ** piety under Trog
 23844 | Orc:1    | Found Men Jiq's Distillery.
 24174 | Orc:2    | Reached *** piety under Trog
 24378 | Orc:2    | Found a staircase to the Elven Halls.
 24493 | Orc:2    | Found Picorur's General Store.
 24502 | Orc:2    | Reached **** piety under Trog
 24540 | Orc:2    | Found Unujezur's Armour Boutique.
 24672 | Orc:2    | Noticed Saint Roka
 24689 | Orc:2    | HP: 3/130 [Saint Roka/+2 heavy great sword (15)]
 24694 | Orc:2    | Killed from afar by Saint Roka

Illustrated notes

Levels and vault maps discovered:
D:1:      sevenhm_arrival_forest_fort_small_6, layout_basic,
          basic_ecumenical_altar, minmay_hexomino_p4
D:2:      layout_basic, serial_forest, infiniplex_forest_end_1,
          infiniplex_forest_end_2, infiniplex_forest_lined_room_,
          infiniplex_forest_clump_tiny, infiniplex_forest_lined_4_way,
          infiniplex_forest_lined_room_2, infiniplex_forest_end_2, uniq_sigmund
D:3:      layout_rooms, dancing_weapons_uskayaw,
          nicolae_ru_great_annihilating_truth, chei_slow_surprise,
          lemuel_zombie_altar_yredelemnul, hangedman_decor_growths, uniq_ijyb
D:4:      layout_gridville, okawaru_metal_pillars_1_2,
          mainiacjoe_overflow_paths, temple_fountains,
          chequers_serial_rivers_room_a,
          hangedman_abyss_or_decor_jellyfish_corner, grunt_ministairs_13,
          kennysheep_doodads, minmay_manual_mail
D:5:      minmay_spotlight, layout_layer_cave, nicolae_overflow_crystal_walls,
          gup_ossuary_entry_pyramid
D:6:      layout_loops_cross, gammafunk_ghost_cemetery, uniq_duvessa,
          uniq_maggie
D:7:      layout_basic
D:8:      layout_gridville, nicolae_dithmenos_the_darkroom,
          gammafunk_ghost_grave
D:9:      layout_cave_pools, grunt_lair_entry_orc_guard_hut, minmay_nine_imps
D:10:     layout_long_grid, david_orc_3, kennysheep_generic_room_8, uniq_fannar
D:11:     layout_layer_cave, serial_shops, shop, nicolae_shop_drivethru,
          nicolae_shop_advertising_works [nicolae_subvault_shop_adworks],
          uniq_psyche
D:12:     layout_long_grid, uniq_erolcha
D:13:     layout_loops_corners, uniq_azrael
D:14:     layout_stronghold, david_vaults_3, led_sif_pool, bloody_trog
D:15:     gammafunk_depths_entry_grave, layout_basic,
          minmay_misc_feat_four_crosses, serial_shops, shop,
          grunt_qazlal_sundering
Temple:   eino_narrow_crystal_temple
Lair:1:   layout_cave_pods, grunt_megastairs_3, serial_bayou_shore_a,
          infiniplex_staircase_pool_2, lemuel_fruit_tree
Lair:2:   layout_gridlike, hellmonk_spider_entry_life_and_decay
Lair:3:   layout_cave_pods, minmay_shoals_entry_beasts, grunt_megastairs_1,
          uniq_prince_ribbit2
Lair:4:   layout_roguey, lemuel_fruit_fields
Lair:5:   evilmike_catoblepas_cave, layout_long_grid, slime_entry_1
Orc:1:    layout_diamond_mine, serial_shops, nicolae_shop_industrial_runoff,
          basic_altar
Orc:2:    pubby_orc_utopia

Skill      XL: |  1  2  3  4  5  6  7  8  9 10 11 12 13 14 15 |
---------------+----------------------------------------------+-----
Dodging        | 3 4 6 7 8 10 11 12 | 12.3
Throwing       | 2 3 4 6 8 |  8.0
Long Blades    | 3 4 5 7 8 10 12 14 15 16 | 16.5
Armour         | 1 2 3 4 |  4.0
Fighting       | 3 4 5 7 9 10 11 12 14 15 | 15.7
Stealth        | 1 2 |  2.0
Shields        | 1 2 3 5 8 |  8.0
Evocations     | 1 2 |  2.0

Action                     |  1- 3 |  4- 6 |  7- 9 | 10-12 | 13-15 || total
---------------------------+-------+-------+-------+-------+-------++-------
  Melee: Long sword        |   103 |   167 |   298 |   579 |       ||  1147
         Punch             |     1 |     1 |     5 |    12 |     6 ||    25
         Kick              |       |    49 |   111 |   271 |   535 ||   966
         Scimitar          |       |       |       |    42 |  1184 ||  1226
         Great sword       |       |       |       |    41 |       ||    41
  Throw: Stone             |     1 |       |       |    11 |       ||    12
         Throwing net      |     2 |       |       |       |       ||     2
         Dart              |       |    14 |    26 |    62 |    49 ||   151
 Invoke: Berserk           |       |       |       |       |     1 ||     1
         Trog's Hand       |       |       |       |       |     1 ||     1
  Evoke: Phantom mirror    |       |       |       |     1 |       ||     1
         Wand              |       |       |       |       |     1 ||     1
    Use: Potion            |     1 |     3 |     9 |     6 |     3 ||    22
         Scroll            |     1 |     2 |    11 |     5 |    11 ||    30
   Stab: Sleeping          |     4 |       |       |     1 |     5 ||    10
         Held in net/web   |     1 |       |       |       |       ||     1
         Invisible         |       |     2 |     7 |       |       ||     9
         Paralysed         |       |     1 |       |       |       ||     1
         Distracted        |       |       |       |     2 |       ||     2
         Petrified         |       |       |       |       |     6 ||     6
 Armour: Leather armour    |    53 |       |       |       |       ||    53
         Ring mail         |     1 |     2 |       |   291 |   378 ||   672
         Scale mail        |       |    53 |       |       |       ||    53
         Chain mail        |       |    31 |   206 |       |       ||   237
         Swamp dragon scal |       |       |    11 |    17 |       ||    28
  Dodge: Dodged            |    92 |    59 |   201 |   624 |   964 ||  1940
  Block: Other             |       |       |       |    42 |    71 ||   113
         Reflection        |       |       |       |     2 |    16 ||    18
         Buckler           |       |       |       |       |   483 ||   483

Table legend: (Time is in decaauts)
 A = Elapsed time spent in this place.
 B = Non-inter-level travel time spent in this place.
 C = Inter-level travel time spent in this place.
 D = Time resting spent in this place.
 E = Time spent auto-exploring this place.
 F = Levels seen in this place.
 G = Mean time per level.
                   A        B        C        D        E       F      G
               +--------+--------+--------+--------+--------+-----+--------+
         Total |  24337 |  21502 |   2835 |   2559 |  12648 |  25 |  973.5 |
       Dungeon |  17464 |  15220 |   2244 |   2372 |   8598 |  15 | 1164.3 |
        Temple |    240 |    229 |     11 |      0 |    221 |   1 |  240.0 |
          Lair |   4963 |   4509 |    454 |    186 |   3269 |   5 |  992.6 |
  Orcish Mines |   1432 |   1308 |    124 |      0 |    558 |   2 |  716.0 |
         Abyss |      9 |      9 |      0 |      0 |      0 |   1 |    9.0 |
       Ossuary |    227 |    227 |      0 |      0 |      0 |   1 |  227.0 |
               +--------+--------+--------+--------+--------+-----+--------+

Top non-repeatable levels by time:
    D:13: 1548 daAuts
    D:11: 1415 daAuts
     D:4: 1353 daAuts
     D:5: 1312 daAuts
     D:6: 1282 daAuts
    D:14: 1265 daAuts
    D:12: 1261 daAuts
    D:15: 1238 daAuts
     D:8: 1154 daAuts
  Lair:5: 1154 daAuts
  Lair:1: 1141 daAuts
     D:7: 1096 daAuts
    D:10: 1094 daAuts
  Lair:3: 1094 daAuts
     D:1: 1035 daAuts
